 Dungeon Sprint DCSS version 0.28.0-43-g3370ac3207 (webtiles) character file.

Game seed: 1117951930029595594

0 Groucho the Sneak (level 1, -1/13 HPs)
             Began as a Spriggan Enchanter on Mar 27, 2022.
             Slain by a neqoxec (11 damage)
             ... in the Dungeon (Sprint II: "The Violet Keep of Menkaure").
             The game lasted 00:00:31 (30 turns).

Groucho the Sneak (Spriggan Enchanter)                Turns: 30, Time: 00:00:31

Health: -1/13      AC:  2    Str:  4      XL:     1   Next: 0%
Magic:  5/5        EV: 17    Int: 14 (16) God:
Gold:   0          SH:  0    Dex: 15      Spells: 5/5 levels left

rFire   . . .      SeeInvis +   a - +1 dagger
rCold   . . .      Faith    .   (no shield)
rNeg    . . .      Spirit   .   b - +0 robe
rPois   .          Reflect  .   (helmet restricted)
rElec   .          Harm     .   (no cloak)
rCorr   .          Rampage  .   (gloves unavailable)
Will    .....      Rage     1%  (boots unavailable)
Stlth   .......... NoTele   +   (no amulet)
HPRegen 0.04/turn               (no ring)
MPRegen 0.09/turn               (no ring)

@: berserking, very quick
A: very small, no large weapons, unfitting armour, see invisible, speed 3,
berserk 1
a: no special abilities


You were in the Dungeon.
You visited 1 branch

Inventory:

Hand Weapons
 a - a +1 dagger (weapon)
Armour
 b - a +0 robe (worn)
Scrolls
 i - a scroll of blinking
Potions
 c - a potion of invisibility
 d - a potion of curing
 e - a potion of heal wounds
 f - a potion of haste
 g - 2 potions of magic


   Skills:
 + Level 0.0 Fighting
 + Level 1.1 Short Blades
 + Level 2.6 Dodging
 * Level 4.4 Stealth
 + Level 2.6 Spellcasting
 + Level 3.6 Hexes


You had 5 spell levels left.
You didn't know any spells.
Your spell library contained the following spells:

 Spells                   Type           Power      Damage    Failure   Level
 Ensorcelled Hibernation  Hex/Ice        12%        N/A       16%         2
 Confusing Touch          Hex            12%        N/A       16%         3
 Tukima's Dance           Hex            12%        N/A       16%         3
 Dazzling Flash           Conj/Hex       12%        N/A       32%         3


Dungeon Overview and Level Annotations

Branches:
Dungeon (1/1)

Altars:


Innate Abilities, Weirdness & Mutations

You are very small and have problems with some larger weapons.
You are too small for most types of armour.
You have supernaturally acute eyesight. (SInv)
You cover ground extremely quickly. (Speed+++)
You tend to lose your temper in combat.


Message History

The neqoxec gestures at you.
You feel dopey. Something feeds on your intellect!
There is a staircase leading out of the dungeon here.
A red film seems to cover your vision as you go berserk!
You feel yourself moving faster!
You feel mighty! The neqoxec misses you.
You miss the neqoxec. The neqoxec gestures at you.
Strange energies course through your body.
You feel a little pissed off.
You barely miss the neqoxec. The neqoxec closely misses you.
You puncture the neqoxec!
The neqoxec is moderately wounded.
You puncture the neqoxec!
The neqoxec is severely wounded.
The neqoxec hits you.
Unknown command.
You barely miss the neqoxec.
The neqoxec is heavily wounded.
The neqoxec completely misses you.
You closely miss the neqoxec.
The neqoxec is heavily wounded.
You hit the neqoxec.
The neqoxec is severely wounded.
The neqoxec barely misses you.
Unknown command.
You barely miss the neqoxec.
The neqoxec is severely wounded.
The neqoxec misses you.
You hit the neqoxec.
The neqoxec is severely wounded.
You closely miss the neqoxec.
The neqoxec is severely wounded.
The neqoxec misses you.
Unknown command.
You hit the neqoxec.
The neqoxec is almost dead.
The neqoxec hits you!
Ouch! That really hurt!
You die...

## ## ##.
.## .B B.
$#. # #+# s#
####@##.s#
#$+.3.+#
#.w.##.##s.#
##w #'# s# #
.## # .# ##


You could see a neqoxec.

Vanquished Creatures (others)
  A water moccasin (D)
1 creature vanquished.

Notes
Turn   | Place    | Note
-------+----------+-------------------------------------------
     0 | D        | Groucho the Spriggan Enchanter began the quest for the Orb.
     0 | D        | Reached XP level 1. HP: 9/9 MP: 5/5
     5 | D        | Noticed a boulder beetle
     5 | D        | Noticed a boulder beetle
     9 | D        | Noticed a scorpion
     9 | D        | Noticed a scorpion
     9 | D        | Noticed a scorpion
     9 | D        | Noticed a scorpion
    13 | D        | Noticed a neqoxec
    20 | D        | Gained mutation: You tend to lose your temper in combat. [a
                  | neqoxec]
    27 | D        | Killed a water moccasin
    30 | D        | Slain by a neqoxec

Illustrated notes

Levels and vault maps discovered:
D:        the_violet_keep_of_menkaure [sprint2_stairs_cluster_1,
          sprint2_shoproom, sprint2_temple, sprint2_basic_supplies,
          sprint2_obstacle_2, sprint2_obstacle_6, sprint2_obstacle_3,
          sprint2_obstacle_5, sprint2_obstacle_1, sprint2_timed_cluster_1,
          sprint2_smallroom_cluster_1, sprint2_smallroom_final_cluster_1,
          sprint2_transparent_cluster_1, sprint2_second_timed_cluster_1,
          sprint2_sniper_area_1, sprint2_heavy_combat_area_1,
          sprint2_mutation_trap_area_1, sprint2_forest_area_1,
          sprint2_light_combat_area_1, sprint2_behind_water_1,
          sprint2_near_end_vault_1]

Action                   || total
-------------------------++-------
Melee: Dagger            ||    11
  Use: Potion            ||     1
Dodge: Dodged            ||     6
